 Dungeon Crawl Stone Soup version 0.22.0-27-ga576289 (webtiles) character file.

51 leisz the Shield-Bearer (level 3, -2/33 HPs)
             Began as a Minotaur Fighter on Aug 21, 2018.
             Slain by Crazy Yiuf
             ... wielding a +4 quarterstaff of chaos
              (3 damage)
             ... on level 2 of the Dungeon.
             The game lasted 00:09:27 (1039 turns).

leisz the Shield-Bearer (Minotaur Fighter)          Turns: 1039, Time: 00:09:28

Health: -2/33      AC: 10    Str: 21    XL:     3   Next: 57%
Magic:  2/2        EV: 10    Int:  5    God:
Gold:   49         SH: 10    Dex: 14    Spells: 2/2 levels left

rFire    . . .     SeeInvis .   a - +0 war axe
rCold    . . .     Gourm    .   c - +0 shield
rNeg     . . .     Faith    .   g - +0 chain mail
rPois    .         Spirit   .   (helmet restricted)
rElec    .         Reflect  .   (no cloak)
rCorr    .         Harm     .   e - +0 pair of gloves
MR       .....                  (no boots)
Stlth    ..........             (no amulet)
HPRegen  0.11/turn              (no ring)
MPRegen  0.08/turn              (no ring)

@: agile, lethally poisoned (-2 -> -7), slowed, very slow
A: retaliatory headbutt, horns 2
a: no special abilities


You were on level 2 of the Dungeon.
You were not hungry.

You visited 1 branch of the dungeon, and saw 2 of its levels.

You collected 49 gold pieces.

Inventory:

Hand Weapons
 a - a +0 war axe (weapon)
Missiles
 h - 41 stones (quivered)
Armour
 c - a +0 shield (worn)
 e - a +0 pair of gloves (worn)
 g - a +0 chain mail (worn)
Scrolls
 b - 2 scrolls of fear
 k - 2 scrolls of magic mapping {unknown}
 l - 2 scrolls of teleportation {unknown}
Potions
 d - a potion of might
Comestibles
 f - 2 rations
 j - 10 chunks of flesh


   Skills:
 + Level 4.1 Fighting
 + Level 3.2 Axes
 + Level 4.1 Armour
 + Level 4.2 Shields


You had 2 spell levels left.
You didn't know any spells.
Your spell library was empty.

Dungeon Overview and Level Annotations

Branches:
Dungeon (2/15)

Altars:

Annotations:
D:2 Crazy Yiuf


Innate Abilities, Weirdness & Mutations

You reflexively headbutt those who attack you in melee.
You have a pair of horns on your head.


Message History

You feel sick.
Crazy Yiuf hits you with a quarterstaff of chaos.
Crazy Yiuf freezes you.
Crazy Yiuf hits you with a quarterstaff of chaos!
* * * LOW HITPOINT WARNING * * *
You feel yourself slow down.
You closely miss Crazy Yiuf.
Crazy Yiuf is almost dead.
* * * LOW HITPOINT WARNING * * *
You feel sick. Crazy Yiuf hits you but does no damage.
You closely miss Crazy Yiuf.
Crazy Yiuf is almost dead.
* * * LOW HITPOINT WARNING * * *
You feel sick. You block Crazy Yiuf's attack. x2
It was a potion of agility.
You feel agile all of a sudden.
* * * LOW HITPOINT WARNING * * *
You feel sick.
Crazy Yiuf hits you with a quarterstaff of chaos.
You die...

#.........## ♣...♣♣ #..###'#....
#....÷....)# ♣♣.♣♣ #...........
#....##.#..# ♣.♣♣ #...........
#..........# ♣♣.♣ #........###
#.........## ♣.♣♣ #'#......##
#####.....## ♣♣.♣ #.####+.....
#......# ##'## #.# ..... #......#
#...# #.#####..... #......# #.@.#
#........... ##......# #..g#
#....#####.. ####.......# #####
###.######.. #..........#
##.#...##.. #..........#######
#......##.. #...###'##.#.....##
#......##..
#.................#####....##....
#..............)..##.......##.###
###...........#..........#.....


You could see Crazy Yiuf.

Vanquished Creatures
  An ooze (D:1)
  A dart slug (D:1)
  2 giant cockroaches
  5 goblins
  6 hobgoblins
  8 jackals (D:1)
  2 kobolds
  6 bats
  4 frilled lizards (D:1)
  4 rats (D:1)
39 creatures vanquished.

Notes
Turn   | Place    | Note
-------+----------+-------------------------------------------
     0 | D:1      | leisz the Minotaur Fighter began the quest for the Orb.
     0 | D:1      | Reached XP level 1. HP: 19/19 MP: 0/0
   202 | D:1      | Reached XP level 2. HP: 26/27 MP: 1/1
   413 | D:1      | Reached XP level 3. HP: 33/33 MP: 2/2
  1022 | D:2      | Found a runed door.
  1027 | D:2      | Noticed Crazy Yiuf
  1039 | D:2      | HP: 1/33 [poisoned by Crazy Yiuf]
  1039 | D:2      | Slain by Crazy Yiuf

Skill      XL: |  1  2 |
---------------+-------+-----
Shields        | 4 |  4.2
Armour         | 4 |  4.1
Fighting       | 4 |  4.1
Axes           | 3 |  3.2

Action                   || total
-------------------------++-------
Melee: War axe           ||    90
       Headbutt          ||    15
Throw: Stone             ||     3
  Use: Scroll            ||     1
       Potion            ||     1
  Eat: Chunk             ||     1
Armor: Chain mail        ||    55
Dodge: Dodged            ||    13
Block: Shield            ||    50
